 Dungeon Crawl Stone Soup version 0.29.1-12-g30fa7ad0bf (webtiles) character file.

Game seed: 12990822926978823774

1040 soggyman666 the Covered (level 8, 0/49 HPs)
             Began as a Gargoyle Fighter on Dec 13, 2022.
             Was an Initiate of Gozag.
             Slain by a black bear (3 damage)
             ... on level 5 of the Dungeon.
             The game lasted 00:13:11 (6020 turns).

soggyman666 the Covered (Gargoyle Fighter)          Turns: 6020, Time: 00:13:11

Health: 0/49       AC: 15    Str: 21    XL:     8   Next: 24%
Magic:  8/8        EV:  7    Int: 10    God:    Gozag
Gold:   292        SH:  4    Dex:  9    Spells: 7/7 levels left

rFire   + . .      SeeInvis .   a - +0 war axe
rCold   . . .      Faith    .   c - +0 buckler
rNeg    + . .      Spirit   .   p - +0 chain mail
rPois   ∞          Reflect  .   (no helmet)
rElec   +          Harm     .   (no cloak)
rCorr   .          Rampage  .   (no gloves)
Will    .....                   (no boots)
Stlth   ..........              (no amulet)
HPRegen 0.16/turn               f - ring of protection from fire
MPRegen 0.11/turn               (no ring)

@: flying
A: sickness immunity, AC +5, negative energy resistance 1, electricity
resistance, torment resistance 1, petrification resistance
a: Renounce Religion, Potion Petition, Call Merchant, Bribe Branch


You were on level 5 of the Dungeon.
You worshipped Gozag.
Gozag was aware of your devotion.
You visited 2 branches of the dungeon, and saw 6 of its levels.

You collected 426 gold pieces.
You spent 22 gold pieces at shops.
You paid 112 gold pieces to Gozag.

Inventory:

Hand Weapons
 a - a +0 war axe (weapon)
 k - a +1 whip of freezing
Armour
 c - a +0 buckler (worn)
 p - a +0 chain mail (worn)
Jewellery
 b - a ring of fire
 f - a ring of protection from fire (left hand)
Wands
 l - a wand of flame (13)
 o - a wand of roots (5)
Scrolls
 h - 4 scrolls of teleportation
 j - a scroll of enchant armour {unknown}
 m - a scroll of fear {unknown}
 q - 2 scrolls of identify
Potions
 g - 3 potions of curing
 i - a potion of invisibility {unknown}
 n - a potion of mutation {unknown}
 r - a potion of degeneration {unknown}


   Skills:
 + Level 5.3 Fighting
 + Level 5.4 Axes
 + Level 5.7 Armour
 + Level 1.0 Dodging
 + Level 0.3 Stealth
 + Level 4.2 Shields
 * Level 2.9 Evocations


You had 7 spell levels left.
You didn't know any spells.
Your spell library contained the following spells:

 Spells                   Type           Power      Damage    Failure   Level
 Summon Small Mammal      Summ           0%         N/A       99%         1
 Call Canine Familiar     Summ           0%         N/A       100%        3
 Dazzling Flash           Conj/Hex       0%         N/A       100%        3
 Ozocubu's Armour         Ice            0%         N/A       100%        3
 Summon Guardian Golem    Hex/Summ       0%         N/A       100%        3
 Agony                    Necr           0%         N/A       100%        5
 Silence                  Hex/Air        0%         N/A       100%        5
 Ozocubu's Refrigeration  Ice            0%         4d7       100%        7


Dungeon Overview and Level Annotations

Branches:
Dungeon (5/15)             Temple (1/1) D:5

Altars:
Cheibriados
Dithmenos
Elyvilon
Fedhas
Gozag
Hepliaklqana
Okawaru
Ru
Sif Muna
Trog
Uskayaw
Vehumet
Yredelemnul
Zin
The Shining One

Shops:
D:1 ?


Innate Abilities, Weirdness & Mutations

You are immune to sickness and miasma.
Your stone body is resilient. (AC +5)
You are immune to poison.
You resist negative energy. (rN+)
You are resistant to electric shocks. (rElec)
You are resistant to unholy torment.
You are immune to petrification.


Message History

You hit the black bear.
The black bear is lightly wounded.
You block the black bear's attack. x2
The black bear claws you but does no damage.
You barely miss the black bear.
The black bear is lightly wounded.
You block the black bear's attack.
The black bear claws you but does no damage. x2
You hit the black bear.
The black bear is moderately wounded.
The black bear bites you but does no damage.
The black bear claws you.
* * * LOW HITPOINT WARNING * * *
The black bear barely misses you.
The black bear bites you but does no damage.
The black bear claws you but does no damage.
The black bear barely misses you.
The black bear attacks as you move away!
The black bear bites you but does no damage.
The black bear claws you.
* * * LOW HITPOINT WARNING * * *
You block the black bear's attack.
The black bear attacks as you move away!
The black bear bites you but does no damage.
You block the black bear's attack. The black bear barely misses you.
You reach down and open the door.
The black bear bites you.
* * * LOW HITPOINT WARNING * * *
The black bear claws you but does no damage. x2
The black bear attacks as you move away!
The black bear bites you.
* * * LOW HITPOINT WARNING * * *
The black bear claws you but does no damage. x2
There is an open door here.
There's a creature in the doorway!
The black bear attacks as you move away!
The black bear bites you.
* * * LOW HITPOINT WARNING * * *
The black bear claws you.
You die...
Your body crumbles into a pile of gold.

#.#.###.###....#
#.......# ####.#
####.#.## ###.#
#...#.# #...# ###
#.###.# #.#......
##.# #.# #.######.
#h.##..#####..#####.
#.##...........##.).
#.h@..♣..>..♣...'.#.
####...........#####
#..#####..## # #.#
#.## # .# #+ # ####
.... ###


You could see a black bear.

Vanquished Creatures
  A steam dragon (D:5)
  An ice beast (D:5)
  A black bear (D:4)
  2 ogres (D:4)
  A scorpion (D:4)
  A gnoll bouda (D:5)
  A jelly (D:4)
  2 orc priests (D:5)
  A hound (D:4)
  2 iguanas
  15 gnolls
  6 adders
  3 worms
  A dart slug (D:3)
  11 orcs
  5 endoplasms
  2 giant cockroaches (D:3)
  7 goblins
  7 hobgoblins
  9 kobolds
  2 quokkas
  7 ball pythons
  13 bats
  3 frilled lizards
  5 rats
  A spectral orc (D:3)
110 creatures vanquished.

Notes
Turn   | Place    | Note
-------+----------+-------------------------------------------
     0 | D:1      | soggyman666 the Gargoyle Fighter began the quest for the
                  | Orb.
     0 | D:1      | Reached XP level 1. HP: 14/14 MP: 1/1
   121 | D:1      | Reached XP level 2. HP: 19/19 MP: 2/2
   326 | D:1      | Found Yguyhib's Magic Scroll Shoppe.
   333 | D:1      | Bought a scroll of identify for 22 gold pieces
   563 | D:1      | Reached XP level 3. HP: 17/23 MP: 3/3
  1198 | D:2      | Reached XP level 4. HP: 19/28 MP: 4/4
  2146 | D:3      | Found a faded altar of an unknown god.
  2157 | D:3      | Reached XP level 5. HP: 33/33 MP: 5/5
  2553 | D:3      | Found a basalt altar of Yredelemnul.
  3220 | D:4      | Noticed a black bear
  3230 | D:4      | Killed a black bear
  3231 | D:4      | Reached skill level 1 in Evocations
  3231 | D:4      | Reached XP level 6. HP: 24/38 MP: 6/6
  3998 | D:4      | Reached XP level 7. HP: 44/44 MP: 7/7
  4380 | D:5      | Entered Level 5 of the Dungeon
  4646 | D:5      | Found a radiant altar of Vehumet.
  4646 | D:5      | Found a sacrificial altar of Ru.
  4658 | D:5      | Reached skill level 5 in Fighting
  4774 | D:5      | Reached skill level 5 in Armour
  5225 | D:5      | Reached skill level 5 in Axes
  5578 | D:5      | Found a staircase to the Ecumenical Temple.
  5586 | Temple   | Entered the Ecumenical Temple
  5596 | Temple   | Became a worshipper of Gozag Ym Sagoz the Greedy
  5894 | D:5      | Reached XP level 8. HP: 49/49 MP: 8/8
  5963 | D:5      | Reached skill level 1 in Dodging
  5993 | D:5      | Found a bloodstained altar of Trog.
  6020 | D:5      | Slain by a black bear

Illustrated notes

Levels and vault maps discovered:
D:1:      dpeg_arrival_rooms_c, layout_loops_corners, serial_shops,
          nicolae_shop_stone
D:2:      layout_basic
D:3:      layout_basic, yredelemnul_forgotten_temple_becter,
          ebering_ecumenical_altar_sacrificial, dk_noncrumbling_2,
          kennysheep_generic_room_3
D:4:      layout_basic
D:5:      layout_basic, trog_ov_bears_minmay, led_xom_imps,
          gammafunk_temple_overflow_statue, minmay_temple_entry_statues_pillars,
          grunt_ministairs_15, nicolae_sextant, hangedman_decor_opposing,
          uniq_crazy_yiuf_cottage
Temple:   eino_narrow_crystal_temple

Skill      XL: |  1  2  3  4  5  6  7  8 |
---------------+-------------------------+-----
Axes           | 2 3 4 5 |  5.4
Fighting       | 4 5 |  5.3
Armour         | 4 5 |  5.7
Evocations     | 1 2 |  2.9
Shields        | 4 |  4.2
Dodging        | 1 |  1.0
Stealth        | |  0.3

Action                   |  1- 3 |  4- 6 |  7- 9 || total
-------------------------+-------+-------+-------++-------
Melee: War axe           |    98 |   144 |   102 ||   344
Evoke: Wand              |       |     3 |     4 ||     7
  Use: Scroll            |     4 |     3 |       ||     7
       Potion            |       |     1 |     5 ||     6
 Stab: Distracted        |       |       |     1 ||     1
Armor: Scale mail        |    60 |    53 |       ||   113
       Chain mail        |       |    34 |    98 ||   132
Dodge: Dodged            |    57 |    54 |    55 ||   166
Block: Buckler           |    20 |    42 |    24 ||    86
